Map: [TLMC17] Starchild

Players

A.I. 1 (Very Easy) - Winner!

  • Race: Zerg Zerg
  • Spawn Location: 1:00

flashandfoul

  • Race: Protoss Protoss
  • Spawn Location: 7:00

VOD

Have the link to the VOD?

Description

Time

  • Played on: Jan. 20, 2023, 3:13 p.m.
  • Length: 9:11
Show
View Real Time Build Order
Export as new Build Order

A.I. 1 (Very Easy) Zerg - Winner!

Build Orders: Pool First 

Get SALT Encoding   

  6  0:00  Drone  
  13  0:12  Overlord  
  13  0:16  Drone  
  14  0:35  Spawning Pool  
  14  0:37  Extractor  
  14  0:39  Drone  
  13  0:47  Drone  
  14  0:52  Overlord  
  14  1:23  Zergling x2  
  14  1:24  Queen  
  17  1:31  Roach Warren  
  16  1:35  Drone  
  17  1:40  Extractor  
  17  1:43  Drone, Zergling x2  
  18  1:57  Drone  
  19  2:04  Zergling x2  
  19  2:07  Drone  
  21  2:18  Drone  
  22  2:29  Drone  
  23  2:30  Overlord  
  23  2:36  Drone  
  24  2:43  Drone  
  25  6:04  Roach  
  25  6:05  Lair, Overlord, Drone  
  28  6:12  Drone  
  29  6:19  Drone  
  30  6:27  Drone  
  31  6:34  Drone  
  29  6:44  Roach  
  31  7:02  Overseer  
  31  7:03  Overseer  
  31  7:19  Hatchery  
  30  7:23  Roach  
  32  8:32  Drone  
  33  8:39  Drone  
  34  8:42  Extractor  
  34  8:46  Extractor, Drone  
  33  8:53  Drone  
Show
View Real Time Build Order
Export as new Build Order

flashandfoul Protoss 

Build Orders: 1 Gate Expand, Oracle Opening, Phoenix Opening, Archon Immortal, Mass Phoenix 

Get SALT Encoding   

  6  0:00  Probe  
  13  0:12  Probe  
  14  0:17  Pylon  
  14  0:24  Probe (Chrono Boost)  
  15  0:36  Probe (Chrono Boost)  
  15  0:38  Gateway  
  16  0:44  Probe (Chrono Boost)  
  16  0:47  Assimilator  
  17  0:51  Probe  
  18  1:03  Probe  
  19  1:15  Probe  
  20  1:23  Nexus  
  20  1:33  Cybernetics Core  
  20  1:35  Probe  
  21  1:41  Assimilator  
  21  1:47  Probe  
  21  1:51  Pylon  
  22  1:59  Probe  
  23  2:07  Adept (Chrono Boost)  
  23  2:11  Probe  
  26  2:20  Stargate  
  26  2:23  Probe  
  26  2:29  Adept  
  29  2:35  Warp Gate  
  30  2:38  Probe (Chrono Boost)  
  30  2:40  Probe (Chrono Boost)  
  31  2:47  Probe (Chrono Boost)  
  31  2:50  Probe (Chrono Boost)  
  33  2:52  Probe (Chrono Boost)  
  34  2:59  Adept  
  34  3:00  Probe  
  34  3:03  Phoenix  
  34  3:04  Probe  
  40  3:07  Pylon  
  40  3:12  Probe  
  41  3:15  Gateway  
  41  3:16  Probe  
  42  3:24  Probe  
  43  3:28  Probe, Oracle  
  47  3:36  Probe  
  47  3:40  Probe  
  49  3:45  Pylon  
  49  3:48  Probe  
  50  3:50  Nexus  
  50  3:55  Stargate  
  50  4:04  Assimilator, Probe x2  
  50  4:06  Assimilator  
  52  4:16  Probe x2  
  54  4:17  Phoenix  
  54  4:21  Pylon  
  56  4:28  Probe x2  
  58  4:38  Phoenix  
  60  4:39  Pylon  
  60  4:40  Probe  
  60  4:41  Probe  
  60  4:42  Phoenix  
  65  4:53  Probe x2 (Chrono Boost)  
  65  4:57  Pylon  
  66  5:03  Probe (Chrono Boost), Phoenix (Chrono Boost)  
  43  5:07  Phoenix (Chrono Boost)  
  71  5:10  Probe (Chrono Boost)  
  71  5:11  Probe (Chrono Boost)  
  71  5:12  Probe (Chrono Boost)  
  71  5:13  Assimilator  
  74  5:17  Probe x3 (Chrono Boost)  
  77  5:25  Phoenix (Chrono Boost)  
  81  5:28  Phoenix (Chrono Boost)  
  81  5:29  Probe x3  
  84  5:39  Pylon, Assimilator  
  84  5:41  Probe x3, Robotics Facility  
  87  5:43  Robotics Facility  
  87  5:49  Twilight Council  
  87  5:52  Forge  
  87  5:53  Probe x3  
  90  6:05  Probe x3  
  93  6:15  Gateway  
  93  6:17  Gateway, Probe x2  
  95  6:18  Gateway  
  95  6:19  Gateway, Probe  
  95  6:23  Gateway  
  95  6:24  Gateway  
  96  6:26  Charge  
  96  6:28  Protoss Ground Weapons Level 1 (Chrono Boost)  
  96  6:29  Probe, Immortal (Chrono Boost)  
  96  6:31  Probe  
  102  6:37  Immortal (Chrono Boost)  
  106  6:43  Pylon  
  106  6:45  Pylon  
  106  6:52  Probe x2  
  106  6:53  Templar Archives  
  109  6:54  Pylon, Probe  
  109  7:04  Probe x2  
  109  7:05  Immortal (Chrono Boost)  
  109  7:06  Probe  
  116  7:13  Immortal (Chrono Boost)  
  116  7:15  Nexus  
  120  7:16  Pylon  
  120  7:17  Probe  
  120  7:19  Probe x2  
  123  7:29  Probe  
  124  7:31  Probe x2  
  124  7:34  Pylon  
  124  7:35  Assimilator  
  126  7:37  High Templar x3, Assimilator  
  126  7:38  High Templar x3  
  126  7:41  Probe  
  126  7:43  Probe x2  
  141  7:44  Archon x2  
  141  7:45  Archon  
  141  7:51  Pylon  
  141  7:53  Pylon  
  141  7:55  Pylon  
  142  7:58  Observer  
  142  8:00  Observer  
  142  8:03  Zealot x2  
  147  8:11  Gateway  
  147  8:16  Probe x2  
  147  8:17  Gateway, Probe  
  147  8:19  Gateway  
  150  8:20  Shield Battery  
  150  8:22  Photon Cannon, Gateway  
  150  8:24  Zealot x4  
  158  8:27  High Templar x2  
  158  8:28  Probe x2  
  158  8:30  Probe  
  158  8:32  Zealot x2  
  173  8:46  Fleet Beacon  
  173  8:49  Stargate  
  173  8:59  Gateway  
  173  9:00  Gateway  
  173  9:01  Photon Cannon  
  173  9:06  Zealot x5  
Tags
 
Add a new tag
Caveats
  • Supply blocks, unpowered buildings, or Contaminate may cause inaccurate times.
  • Supply counts are checked every 10 seconds.